 Dungeon Crawl Stone Soup version 0.31-a0-948-gf5be29c462 (webtiles) character file.

Game seed: 9815238616386486102

63 Bnni the Sneak (level 3, 0/18 HPs)
             Began as a Spriggan Brigand on Oct 21, 2023.
             Shot with a sling bullet by a gnoll (3 damage)
             ... on level 2 of the Dungeon.
             The game lasted 00:04:00 (1667 turns).

Bnni the Sneak (Spriggan Brigand)                   Turns: 1667, Time: 00:04:00

Health: 0/18       AC:  3    Str:  7    XL:     3   Next: 87%
Magic:  4/4        EV: 17    Int: 12    God:
Gold:   142        SH:  0    Dex: 18    Spells: 2/2 levels left

rFire   . . .        a - +2 dagger
rCold   . . .        (no shield)
rNeg    . . .        b - +0 robe
rPois   .            (helmet restricted)
rElec   .            c - +0 cloak
rCorr   .            (gloves unavailable)
SInv    +            (boots unavailable)
Will    .....        (no amulet)
Stlth   ++++         (no ring)
HPRegen 0.23/turn    (no ring)
MPRegen 0.09/turn

%: no passive effects
@: very quick
A: very small, no large weapons, unfitting armour, see invisible, speed 3
a: no special abilities


You were on level 2 of the Dungeon.
You visited 1 branch of the dungeon, and saw 2 of its levels.

You collected 142 gold pieces.

Inventory:

Hand Weapons
 a - a +2 dagger (weapon)
Missiles
 d - 6 poisoned darts (quivered)
 e - 3 curare-tipped darts
Armour
 b - a +0 robe (worn)
 c - a +0 cloak (worn)
Wands
 k - a wand of light (2)
Scrolls
 i - 2 scrolls of identify {unknown}
 j - a scroll of poison {unknown}
Potions
 f - a potion of cancellation {unknown}
 g - a potion of degeneration {unknown}
 h - a potion of attraction {unknown}


   Skills:
 + Level 2.0 Fighting
 * Level 3.2 Short Blades
 - Level 2.0 Throwing
 + Level 2.3 Dodging
 * Level 6.8 Stealth


You had 2 spell levels left.
You didn't know any spells.
Your spell library contained the following spells:

 Spells                   Type           Power      Damage    Failure   Level
 Foxfire                  Conj/Fire      0%         2x1d4     32%         1
 Plasma Beam              Fire/Air       0%         2x1d10    100%        6
 Starburst                Conj/Fire      0%         6d3       100%        6
 Malign Gateway           Summ/Tloc      0%         N/A       100%        7
 Summon Horrible Things   Summ           0%         N/A       100%        8


Dungeon Overview and Level Annotations

Branches:
Dungeon (2/15)

Altars:


Innate Abilities, Weirdness & Mutations

You are very small and have problems with some larger weapons.
You are too small for most types of armour.
You have supernaturally acute eyesight. (SInv)
You cover ground extremely quickly. (Speed+++)


Message History

Things that are here:
a +0 dagger; a kobold corpse You start resting.
You feel sick.
You are no longer poisoned.
You start resting.
HP restored.
Things that are here:
a +0 dagger; a kobold corpse A gnoll is nearby!
Throw: 9 darts (poison)
Press: ? - help, Shift-Dir - straight line, f - gnoll
Aim: a gnoll, wielding a +0 whip (64% to hit)
You throw a poisoned dart. The poisoned dart hits the gnoll.
The gnoll is poisoned.
Throw: 8 darts (poison)
Press: ? - help, Shift-Dir - straight line, f/p - gnoll
Aim: a gnoll, wielding a +0 whip (poisoned, 64% to hit)
You throw a poisoned dart. The poisoned dart hits the gnoll.
Unknown command.
Throw: 7 darts (poison)
Press: ? - help, Shift-Dir - straight line, f/p - gnoll
Aim: a gnoll, wielding a +0 whip (poisoned, 64% to hit)
You throw a poisoned dart. The poisoned dart hits the gnoll.
The gnoll looks even sicker.
The gnoll unwields a +0 whip.
The gnoll wields a +4 sling.
The gnoll shoots a sling bullet.
The sling bullet closely misses you.
You hit the gnoll.
The gnoll is moderately wounded.
The gnoll unwields a +4 sling.
The gnoll wields a +0 whip.
The gnoll hits you with a +0 whip!
You hit the gnoll but do no damage.
The gnoll is moderately wounded.
The gnoll hits you with a +0 whip.
You hit the gnoll but do no damage.
The gnoll is heavily wounded.
The gnoll hits you with a +0 whip!
* * * LOW HITPOINT WARNING * * *
The gnoll unwields a +0 whip.
The gnoll wields a +4 sling.
The gnoll shoots a sling bullet.
The sling bullet hits you.
You die...

#.....g# #.#.##.# #.#
#.......##.#.##.# #.#
#.......##.#.##.#######.#
#..........(....#†......#
#..........#(...........#
#..........#g..##.......#
#.......#.##.#.########.#
#.......#.##.#.## #.#
.......#....@..# #.###
.#####.#.##.#..# #...#
#.#.##.#..#######...#
#..........)...##...####
#.#.####..####.###......
#.#.......####.###.###..
. ######....##.##.......
## #.##.##.##..#.#..
#.##.##..........


You could see a gnoll (poisoned).

Vanquished Creatures
  An adder (D:2)
  3 worms (D:2)
  A dart slug (D:1)
  4 endoplasms (D:1)
  2 goblins
  4 hobgoblins
  4 jackals (D:1)
  5 kobolds
  3 quokkas
  4 ball pythons
  3 bats (D:1)
  3 frilled lizards
  2 rats (D:1)
39 creatures vanquished.

Notes
Turn   | Place    | Note
-------+----------+-------------------------------------------
     0 | D:1      | Bnni the Spriggan Brigand began the quest for the Orb.
     0 | D:1      | Reached XP level 1. HP: 10/10 MP: 2/2
   100 | D:1      | Reached skill level 6 in Stealth
   186 | D:1      | Reached XP level 2. HP: 15/15 MP: 3/3
   649 | D:1      | Reached XP level 3. HP: 18/18 MP: 4/4
  1667 | D:2      | Shot with a sling bullet by a gnoll

Illustrated notes

Levels and vault maps discovered:
D:1:      minmay_arrival_split_and_join, layout_basic,
          chequers_serial_rivers_room_b
D:2:      layout_loops_cross, uniq_crazy_yiuf_cottage

Skill      XL: |  1  2  3 |
---------------+----------+-----
Stealth        | 6 |  6.8
Dodging        | 2 |  2.3
Short Blades   | 3 |  3.2
Fighting       | 2 |  2.0
Throwing       | |  2.0

Action                     || total
---------------------------++-------
  Melee: Dagger            ||   129
  Throw: Dart              ||     3
   Stab: Sleeping          ||    17
 Armour: Robe              ||    34
  Dodge: Dodged            ||    60

Table legend: (Time is in decaauts)
 A = Elapsed time spent in this place.
 B = Non-inter-level travel time spent in this place.
 C = Inter-level travel time spent in this place.
 D = Time resting spent in this place.
 E = Time spent auto-exploring this place.
 F = Levels seen in this place.
 G = Mean time per level.
                   A        B        C        D        E       F      G
               +--------+--------+--------+--------+--------+-----+--------+
         Total |   1114 |   1094 |     20 |    120 |    566 |   2 |  557.0 |
       Dungeon |   1114 |   1094 |     20 |    120 |    566 |   2 |  557.0 |
               +--------+--------+--------+--------+--------+-----+--------+

Top non-repeatable levels by time:
     D:1: 666 daAuts
     D:2: 448 daAuts
